 Dungeon Crawl Stone Soup version 0.26-a0-660-gc07710193c (webtiles) character file.

Game seed: 9940863064377176367

199 wileaway the Digger (level 5, 0/41 HPs)
             Began as a Draconian Earth Elementalist on Oct 7, 2020.
             Slain by a scorpion (9 damage)
             ... on level 3 of the Dungeon.
             The game lasted 00:09:41 (2624 turns).

wileaway the Digger (Draconian Earth Elementalist)  Turns: 2624, Time: 00:09:41

Health: 0/41       AC:  5    Str: 17    XL:     5   Next: 48%
Magic:  2/9        EV: 12    Int: 16    God:
Gold:   118        SH:  0    Dex: 11    Spells: 7/10 levels left

rFire    . . .     SeeInvis .   g - +1 dagger (curse)
rCold    . . .     Faith    .   (no shield)
rNeg     . . .     Spirit   .   (armour unavailable)
rPois    .         Reflect  .   (helmet restricted)
rElec    .         Harm     .   (no cloak)
rCorr    .         Rampage  .   (no gloves)
MR       .....                  (no boots)
Stlth    ++........             (no amulet)
HPRegen  0.13/turn              a - +6 ring of strength
MPRegen  0.11/turn              (no ring)

@: no status effects
A: unfitting armour, cold-blooded, AC +5
a: no special abilities


You were on level 3 of the Dungeon.
You visited 1 branch of the dungeon, and saw 3 of its levels.

You collected 118 gold pieces.

Inventory:

Hand Weapons
 c - a cursed -2 dagger
 g - a cursed +1 dagger (weapon)
 l - a +1 quarterstaff of draining
Missiles
 b - 83 stones (quivered)
Armour
 d - a +1 kite shield
Jewellery
 a - a +6 ring of strength (left hand)
 e - a +6 ring of intelligence {unknown}
 j - a cursed ring of teleportation {unknown}
Scrolls
 k - 3 scrolls of identify
 o - a scroll of enchant armour
Potions
 f - a potion of curing
 h - a potion of degeneration {unknown}
 i - 3 potions of haste {unknown}
 m - 2 potions of stabbing {unknown}
 n - a potion of resistance {unknown}


   Skills:
 + Level 1.8 Fighting
 + Level 2.5 Dodging
 - Level 2.1 Stealth
 + Level 1.5 Unarmed Combat
 * Level 3.1 Spellcasting
 + Level 1.0 Translocations
   Level 1.0 Transmutations
 * Level 4.0 Earth Magic


You had 7 spell levels left.
You knew the following spells:

 Your Spells              Type           Power        Failure   Level
a - Sandblast             Erth           ###...       3%          1
b - Blink                 Tloc           N/A          19%         2

Your spell library contained the following spells:

 Spells                   Type           Power        Failure   Level
 Passwall                 Tmut/Erth      ##......     10%         2
 Magic Dart               Conj           #...         19%         1
 Stone Arrow              Conj/Erth      #.....       24%         3
 Call Imp                 Summ           #.......     28%         2
 Slow                     Hex            #.......     28%         2
 Conjure Flame            Conj/Fire      #.......     50%         3
 Mephitic Cloud           Conj/Pois/Air  #.......     50%         3
 Petrify                  Tmut/Erth      ##......     54%         4
 Lee's Rapid Deconstruct  Erth           ###.......   67%         5


Dungeon Overview and Level Annotations

Branches:
Dungeon (3/15)

Altars:
Elyvilon
Hepliaklqana


Innate Abilities, Weirdness & Mutations

Your plain brown scales are hard. (AC +5)
You cannot fit into any form of body armour.
You are cold-blooded and may be slowed by cold attacks.


Message History

Confirm with . or Enter, or press ? or * to list all spells.
Aiming: Sandblast (safe; 3% risk of failure)
Press: ? - help, Shift-Dir - straight line, f/p - scorpion
Aim: a scorpion (almost dead)
The blast of sand hits the scorpion.
The scorpion is almost dead.
b - 84 stones The scorpion misses you.
Casting: Sandblast (safe; 3% risk of failure)
Confirm with . or Enter, or press ? or * to list all spells.
Aiming: Sandblast (safe; 3% risk of failure)
Press: ? - help, Shift-Dir - straight line, f/p - scorpion
Aim: a scorpion (almost dead)
The blast of sand hits the scorpion but does no damage.
The scorpion is almost dead.
b - 83 stones The scorpion stings you!
* * * LOW HITPOINT WARNING * * *
You feel better. The scorpion stings you!
You die...

# .. ## ##### .. #####. ####...##
.. ..... ##.#.....## #.#.# #..
#♣[_##.....# #.#.# #..
'...8#.....# #.#.# ##.
#♣._##.....#######.#.##### ##.#..
###.#.........†.@s....... ......
# ###......###.........## #.....
####.......##..........## #.#...
.........>..#..†........####.....
#####.....#...............# #....
##...####..........#.... .##.
##### #....)........... #
##.#........####.. #
#).#........# .l...


You could see a scorpion.

Vanquished Creatures
  A hound (D:3)
  Natasha (thrice) (D:3)
  3 adders (D:3)
  4 worms
  A dart slug (D:1)
  3 leopard geckos (D:3)
  An orc (D:3)
  A ball python (D:3)
  2 giant cockroaches (D:1)
  6 goblins
  6 hobgoblins
  4 jackals (D:1)
  2 bats
  6 frilled lizards
  5 kobolds
  11 rats
59 creatures vanquished.

Notes
Turn   | Place    | Note
-------+----------+-------------------------------------------
     0 | D:1      | wileaway the Draconian Earth Elementalist began the quest
                  | for the Orb.
     0 | D:1      | Reached XP level 1. HP: 14/14 MP: 3/3
   181 | D:1      | Reached XP level 2. HP: 10/22 MP: 0/5
  1501 | D:2      | Reached XP level 3. HP: 26/27 MP: 2/6
  2104 | D:2      | Learned a level 2 spell: Blink
  2128 | D:3      | Reached skill level 1 in Fighting
  2164 | D:3      | Reached skill level 1 in Unarmed Combat
  2164 | D:3      | Reached XP level 4. HP: 17/35 MP: 0/8
  2283 | D:3      | Noticed Natasha
  2292 | D:3      | Killed Natasha
  2376 | D:3      | Reached XP level 5. HP: 29/40 MP: 4/9
  2383 | D:3      | Noticed Natasha
  2425 | D:3      | Killed Natasha
  2496 | D:3      | Noticed Natasha
  2505 | D:3      | Killed Natasha
  2505 | D:3      | Reached skill level 1 in Translocations
  2505 | D:3      | Reached skill level 4 in Earth Magic
  2540 | D:3      | Found a hazy altar of Hepliaklqana.
  2540 | D:3      | Found a white marble altar of Elyvilon.
  2624 | D:3      | Slain by a scorpion

Illustrated notes

Levels and vault maps discovered:
D:1:      wander_arrival_desolate, layout_basic, nrook_uturn
D:2:      layout_basic, chequers_serial_rivers_large_a
D:3:      layout_rooms, gammafunk_temple_overflow_statue, portal_sewer_entry_d,
          minmay_checkerbox, uniq_natasha

Skill      XL: |  1  2  3  4  5 |
---------------+----------------+-----
Stealth        | 2 |  2.1
Dodging        | 2 |  2.5
Fighting       | 1 |  1.8
Unarmed Combat | 1 |  1.5
Spellcasting   | 3 |  3.1
Translocations | 1 |  1.0
Earth Magic    | 4 |  4.0
Transmutations | |  1.0

Action                   |  1- 3 |  4- 6 || total
-------------------------+-------+-------++-------
Melee: Unarmed           |    80 |       ||    80
       Tailslap          |    18 |    10 ||    28
       Dagger            |    83 |    80 ||   163
       Punch             |     1 |       ||     1
 Cast: Sandblast         |    18 |    29 ||    47
  Use: Scroll            |     3 |     2 ||     5
       Potion            |       |     2 ||     2
 Stab: Sleeping          |     2 |     1 ||     3
Armor: Skin              |    57 |    22 ||    79
Dodge: Dodged            |   133 |    53 ||   186

Table legend: (Time is in decaauts)
 A = Elapsed time spent in this place.
 B = Non-inter-level travel time spent in this place.
 C = Inter-level travel time spent in this place.
 D = Time resting spent in this place.
 E = Time spent auto-exploring this place.
 F = Levels seen in this place.
 G = Mean time per level.
                   A        B        C        D        E       F      G
               +--------+--------+--------+--------+--------+-----+--------+
         Total |   2638 |   2638 |      0 |    212 |   1289 |   3 |  879.3 |
       Dungeon |   2638 |   2638 |      0 |    212 |   1289 |   3 |  879.3 |
               +--------+--------+--------+--------+--------+-----+--------+

Top non-repeatable levels by time:
     D:1: 1351 daAuts
     D:2: 768 daAuts
     D:3: 518 daAuts
